 Dungeon Crawl Stone Soup version 0.30-a0-956-gcec3b41aec (webtiles) character file.

Game seed: 5134762396056449515

658 howech the Ducker (level 7, 0/61 HPs)
             Began as a Minotaur Gladiator on Mar 29, 2023.
             Slain by a killer bee (1 damage)
             ... on level 4 of the Dungeon.
             The game lasted 00:11:58 (3269 turns).

howech the Ducker (Minotaur Gladiator)              Turns: 3269, Time: 00:11:59

Health: 0/61       AC:  4    Str: 24    XL:     7   Next: 30%
Magic:  6/6        EV: 13    Int:  7    God:
Gold:   112        SH:  0    Dex: 12    Spells: 6/6 levels left

rFire   . . .      SeeInvis .    a - +0 quarterstaff
rCold   . . .      Faith    .    (shield currently unavailable)
rNeg    . . .      Spirit   .    b - +0 leather armour
rPois   .          Reflect  .    c - +1 hat
rElec   .          Rampage  .    (no cloak)
rCorr   .                        (no gloves)
Will    .....                    (no boots)
Stlth   +                        k - amulet of regeneration
HPRegen 1.10/turn                f - +6 ring of strength
MPRegen 0.10/turn                (no ring)

@: lethally poisoned (0 -> -2)
A: horns 2, retaliatory headbutt
a: no special abilities


You were on level 4 of the Dungeon.
You visited 1 branch of the dungeon, and saw 5 of its levels.

You collected 227 gold pieces.
You spent 115 gold pieces at shops.

Inventory:

Hand Weapons
 a - a +0 quarterstaff (weapon)
Missiles
 d - 2 throwing nets (quivered)
 e - a javelin
 j - 9 poisoned darts
 s - a boomerang of dispersal
Armour
 b - a +0 leather armour (worn)
 c - a +1 hat (worn)
Jewellery
 f - a +6 ring of strength (left hand)
 k - an amulet of regeneration (around neck)
 l - a ring of flight
 u - the ring of Egomania {rElec rPois rF+ AC+4 Str-3}
   (You bought it in a shop on level 4 of the Dungeon)

   [ring of protection]

   AC:        It affects your AC (+4).
   Str:       It affects your strength (-3).
   rF:        It protects you from fire.
   rElec:     It insulates you from electricity.
   rPois:     It protects you from poison.
Wands
 r - a wand of polymorph (7)
Scrolls
 o - 3 scrolls of teleportation
 p - a scroll of enchant armour
Potions
 g - a potion of magic
 h - a potion of haste
 i - a potion of heal wounds {unknown}
 n - a potion of flight {unknown}
 q - a potion of degeneration {unknown}
 t - a potion of lignification {unknown}
 v - a potion of resistance {unknown}


   Skills:
 - Level 5.0 Fighting
 - Level 4.0 Staves
 + Level 4.7 Throwing
 + Level 4.8 Armour
 - Level 5.0 Dodging


You had 6 spell levels left.
You didn't know any spells.
Your spell library contained the following spells:

 Spells                   Type           Power      Damage    Failure   Level
 Ozocubu's Armour         Ice            0%         N/A       83%         3
 Metabolic Englaciation   Hex/Ice        0%         N/A       100%        5
 Simulacrum               Ice/Necr       0%         N/A       100%        6
 Ozocubu's Refrigeration  Ice            0%         4d7       100%        7


Dungeon Overview and Level Annotations

Branches:
Dungeon (5/15)
 Temple: D:4-7

Altars:
Makhleb

Shops:
D:4 *!


Innate Abilities, Weirdness & Mutations

You have a pair of horns on your head.
You reflexively headbutt those who attack you in melee.


Message History

* * * LOW HITPOINT WARNING * * *
The killer bee stings you.
* * * LOW HITPOINT WARNING * * *
The killer bee closely misses you. The killer bee stings you.
* * * LOW HITPOINT WARNING * * *
The killer bee stings you.
* * * LOW HITPOINT WARNING * * *
The killer bee closely misses you. You furiously retaliate!
You headbutt the killer bee.
Unknown command.
Unknown command.
It was a potion of curing.
You feel better. The killer bee closely misses you. The killer bee stings you.
* * * LOW HITPOINT WARNING * * *
The killer bee barely misses you. You furiously retaliate!
You headbutt the killer bee. The killer bee stings you!
* * * LOW HITPOINT WARNING * * *
You are poisoned.
The killer bee poisons you! The killer bee stings you.
* * * LOW HITPOINT WARNING * * *
You are lethally poisoned!
The killer bee poisons you! The killer bee barely misses you.
Unknown command.
Okay, then.
You feel better.
The killer bee stings you but does no damage.
The killer bee barely misses you. x2; The killer bee misses you.
You furiously retaliate!
You headbutt the killer bee. The killer bee stings you.
* * * LOW HITPOINT WARNING * * *
The killer bee stings you but does no damage.
You miss the killer bee. You headbutt the killer bee!
The killer bee is almost dead.
The killer bee stings you!
* * * LOW HITPOINT WARNING * * *
You are poisoned.
The killer bee poisons you! The killer bee stings you.
* * * LOW HITPOINT WARNING * * *
The killer bee barely misses you. The killer bee stings you.
You die...

#..## # #.## # #)#
#.# #.# ##.# #####
#..# #....
#######y#########
#.#.. #.....y@#
#.....# #.#..
#.#####y###.....#
#.#.. #.#
#..##.....####.#..
#.#
##..#....).....#.#
#.#
##..####......#..
#.# ##.##
#......##. #.#
#..# #......##.
#.#
##.###......##.
#.# #..#.......##.


You could see 3 killer bees.

Vanquished Creatures
  2 black bears (D:4)
  A phantom (D:4)
  2 killer bees (D:4)
  An orc priest (D:3)
  A jelly (D:4)
  Jessica (D:2)
  Terence (D:2)
  An orc wizard (D:2)
  5 adders
  3 gnolls (D:2)
  8 orcs
  5 bats
  10 endoplasms
  2 giant cockroaches
  8 goblins
  11 hobgoblins
  11 jackals
  3 quokkas
  7 ball pythons
  3 frilled lizards
  9 kobolds
  2 rats
97 creatures vanquished.

Vanquished Creatures (others)
  A plant (D:2)
1 creature vanquished.

Grand Total: 98 creatures vanquished

Notes
Turn   | Place    | Note
-------+----------+-------------------------------------------
     0 | D:1      | howech the Minotaur Gladiator began the quest for the Orb.
     0 | D:1      | Reached XP level 1. HP: 18/18 MP: 0/0
    43 | D:1      | Reached XP level 2. HP: 15/25 MP: 1/1
   354 | D:1      | Reached skill level 1 in Armour
   484 | D:1      | Reached XP level 3. HP: 30/30 MP: 2/2
   787 | D:2      | Noticed Terence
   830 | D:2      | Killed Terence
   875 | D:2      | Noticed Jessica
   885 | D:2      | Killed Jessica
   886 | D:2      | Reached XP level 4. HP: 38/38 MP: 3/3
  1261 | D:2      | Found a faded altar of an unknown god.
  1546 | D:2      | Reached XP level 5. HP: 44/45 MP: 4/4
  1927 | D:3      | Found a burning altar of Makhleb.
  2430 | D:4      | Noticed a phantom
  2437 | D:4      | Killed a phantom
  2438 | D:4      | Reached XP level 6. HP: 50/53 MP: 5/5
  2516 | D:4      | Reached skill level 5 in Dodging
  2551 | D:4      | Found Bofioc's Assorted Antiques.
  2554 | D:4      | Bought a sparkling wooden ring for 115 gold pieces
  2554 | D:4      | Identified the ring of Egomania {rElec rPois rF+ AC+4
                  | Str-3} (You bought it in a shop on level 4 of the Dungeon)
  2559 | D:4      | Found Optuk's Distillery.
  2682 | D:4      | Reached XP level 7. HP: 60/60 MP: 6/6
  2719 | D:4      | Reached skill level 5 in Fighting
  3042 | D:5      | Entered Level 5 of the Dungeon
  3267 | D:4      | HP: 3/61 [killer bee (2)]
  3269 | D:4      | HP: 1/61 [killer bee (6)]
  3269 | D:4      | Slain by a killer bee

Illustrated notes

Levels and vault maps discovered:
D:1:      shiori_arrival_maze, layout_loops_ring, minivault_24,
          minmay_misc_feat_cross
D:2:      layout_basic, shapermc_ecumenical_altar_mp_urbaneastern,
          serial_rivers, chequers_serial_rivers_room_b,
          chequers_serial_rivers_room_a, chequers_serial_rivers_small_b,
          chequers_serial_rivers_micro_a, kennysheep_generic_room_13,
          uniq_terence, uniq_jessica
D:3:      layout_loops_ring, bloody_makhleb
D:4:      layout_basic, serial_shops, nicolae_shop_advertising_works
          [nicolae_subvault_shop_adworks], nicolae_shop_behind_doors
D:5:      lemuel_castle_with_subvaults [lemuel_castle_interior_original],
          layout_rooms, mainiacjoe_overflow_tiny_flanked,
          mainiacjoe_overflow_brackets, uniq_duvessa

Skill      XL: |  1  2  3  4  5  6  7 |
---------------+----------------------+-----
Armour         | 1 2 3 4 |  4.8
Staves         | 4 |  4.0
Fighting       | 3 4 5 |  5.0
Dodging        | 4 5 |  5.0
Throwing       | 3 4 |  4.7

Action                     |  1- 3 |  4- 6 |  7- 9 || total
---------------------------+-------+-------+-------++-------
  Melee: Quarterstaff      |    59 |   115 |    21 ||   195
         Headbutt          |     8 |    25 |     3 ||    36
  Throw: Throwing net      |     1 |     3 |       ||     4
    Use: Scroll            |     3 |     4 |       ||     7
         Potion            |       |       |     2 ||     2
   Stab: Held in net/web   |     1 |       |       ||     1
         Sleeping          |       |     1 |       ||     1
 Armour: Leather armour    |    16 |    28 |    12 ||    56
  Dodge: Dodged            |    37 |    70 |    40 ||   147

Table legend: (Time is in decaauts)
 A = Elapsed time spent in this place.
 B = Non-inter-level travel time spent in this place.
 C = Inter-level travel time spent in this place.
 D = Time resting spent in this place.
 E = Time spent auto-exploring this place.
 F = Levels seen in this place.
 G = Mean time per level.
                   A        B        C        D        E       F      G
               +--------+--------+--------+--------+--------+-----+--------+
         Total |   3296 |   3171 |    125 |    232 |   2185 |   5 |  659.2 |
       Dungeon |   3296 |   3171 |    125 |    232 |   2185 |   5 |  659.2 |
               +--------+--------+--------+--------+--------+-----+--------+

Top non-repeatable levels by time:
     D:4: 900 daAuts
     D:2: 886 daAuts
     D:1: 818 daAuts
     D:3: 664 daAuts
     D:5: 27 daAuts
